 Dungeon Crawl Stone Soup version 0.23-a0-407-g92528d7 (webtiles) character file.

292 rgaf the Ruffian (level 6, -1/34 HPs)
             Began as a Gargoyle Transmuter on Nov 8, 2018.
             Slain by a frilled lizard (3 damage)
             ... on level 2 of the Dungeon.
             The game lasted 00:02:08 (2499 turns).

rgaf the Ruffian (Gargoyle Transmuter)              Turns: 2499, Time: 00:02:08

Health: -1/34      AC:  2    Str: 19    XL:     6   Next: 33%
Magic:  7/9        EV: 19    Int: 15    God:
Gold:   79         SH:  0    Dex: 15    Spells: 3/9 levels left

rFire    . . .     SeeInvis .     - Unarmed
rCold    . . .     Gourm    .   (shield currently unavailable)
rNeg     + . .     Faith    .   (armour currently unavailable)
rPois    ∞         Spirit   .   (helmet currently unavailable)
rElec    .         Reflect  .   (cloak currently unavailable)
rCorr    .         Harm     .   (gloves currently unavailable)
MR       .....                  (boots currently unavailable)
Stlth    +.........             e - amulet of rage
HPRegen  0.11/turn              (no ring)
MPRegen  0.11/turn              (no ring)

@: mighty, spider-form (expiring)
A: tiny, negative energy resistance 1, petrification resistance, rot immunity,
AC +4
a: End Transformation, Evoke Berserk Rage


You were on level 2 of the Dungeon.
You were not hungry.
You were a venomous arachnid creature.
You visited 1 branch of the dungeon, and saw 2 of its levels.

You collected 79 gold pieces.

Inventory:

Missiles
 a - 60 arrows
Armour
 b - a +0 robe (melded)
Jewellery
 e - an amulet of rage (around neck)
 l - an uncursed ring of protection from magic
Wands
 k - a wand of flame (24)
Scrolls
 c - 2 scrolls of identify {unknown}
 f - 3 scrolls of teleportation {unknown}
 g - a scroll of magic mapping {unknown}
 h - a scroll of remove curse {unknown}
Potions
 j - a potion of might
Comestibles
 d - 2 rations


   Skills:
 - Level 1.1 Fighting
 - Level 1.5 Dodging
 + Level 4.7 Unarmed Combat
 - Level 2.0 Spellcasting
 + Level 3.3 Transmutations
 - Level 3.1 Poison Magic


You had 3 spell levels left.
You knew the following spells:

 Your Spells              Type           Power        Failure   Level  Hunger
a - Beastly Appendage     Tmut           ##....       16%         1    #......
b - Sticks to Snakes      Tmut           ##......     22%         2    ###....
c - Spider Form           Tmut/Pois      ##........   36%         3    ###....

Your spell library contained the following spells:

 Spells                   Type           Power        Failure   Level  Hunger
 Ice Form                 Ice/Tmut       #.......     88%         4    #####..
 Blade Hands              Tmut           ##........   94%         5    ######.


Dungeon Overview and Level Annotations

Branches:
Dungeon (2/15)

Altars:


Innate Abilities, Weirdness & Mutations

You are resistant to torment.
((Your stone body is resilient. (AC +4)))
You are immune to poison.
You resist negative energy. (rN+)
((You are resistant to electric shocks. (rElec)))
((You can survive without breathing.))
You are immune to petrification.
You are immune to rotting.


Message History

You closely miss the frilled lizard. The adder closely misses you.
The frilled lizard closely misses you. The giant cockroach closely misses you.
The orc shouts!
You hit the adder.
You kill the adder!
The orc throws a tomahawk.
The tomahawk misses you. The giant cockroach barely misses you.
The frilled lizard closely misses you.
The orc priest invokes the aid of Beogh against you.
Beogh smites you!
* * * LOW HITPOINT WARNING * * *
The giant cockroach bites you but does no damage.
The orc misses you. The frilled lizard misses you.
You hit the orc priest.
The orc priest is poisoned.
The orc priest is lightly wounded.
The orc priest closely misses you. The giant cockroach barely misses you.
The frilled lizard completely misses you.
The orc throws a tomahawk.
The tomahawk misses you.
The orc priest looks encouraged for a moment.
The giant cockroach misses you. The frilled lizard bites you.
You die...

.. ........ ####.##...
#.# ..........
.........# #........#
.......o.+ #.....oo.###
### #<....los..# ..##
#######s##.# .#.# #.##.#
#..# #.##.# ...#
#..#.#.. ...## ##.#.#..
#.# ##..# #...#.#.# #.#
##..# ##..#.#.######.##
....#
#########..#.#.#.......#
....#
#.......##.#.#.#.......#


You could see an orc priest, 3 orcs, a giant cockroach and a frilled lizard.

Vanquished Creatures
  Sigmund (D:2)
  An orc priest (D:2)
  Jessica (D:2)
  Natasha (D:2)
  3 adders
  2 worms (D:2)
  A dart slug (D:1)
  A leopard gecko (D:2)
  2 bats (D:1)
  A giant cockroach (D:2)
  2 goblins (D:1)
  4 hobgoblins (D:1)
  6 kobolds
  A quokka (D:2)
  2 frilled lizards (D:1)
  6 rats
35 creatures vanquished.

Notes
Turn   | Place    | Note
-------+----------+-------------------------------------------
     0 | D:1      | rgaf the Gargoyle Transmuter began the quest for the Orb.
     0 | D:1      | Reached XP level 1. HP: 12/12 MP: 3/3
   209 | D:1      | Reached XP level 2. HP: 16/16 MP: 5/5
   852 | D:1      | Reached XP level 3. HP: 6/20 MP: 6/6
  1379 | D:2      | Learned a level 2 spell: Sticks to Snakes
  1383 | D:2      | Learned a level 3 spell: Spider Form
  1475 | D:2      | HP: 1/20 [worm (8)]
  1746 | D:2      | Noticed Natasha
  1801 | D:2      | Killed Natasha
  1801 | D:2      | Reached skill level 1 in Poison Magic
  1801 | D:2      | Reached XP level 4. HP: 3/25 MP: 3/7
  2220 | D:2      | Noticed Jessica
  2247 | D:2      | Killed Jessica
  2247 | D:2      | Reached skill level 4 in Unarmed Combat
  2289 | D:2      | Noticed Sigmund
  2300 | D:2      | Killed Sigmund
  2300 | D:2      | Reached XP level 5. HP: 16/29 MP: 4/8
  2300 | D:2      | Reached XP level 6. HP: 19/34 MP: 4/9
  2499 | D:2      | Slain by a frilled lizard

Vault maps used:
D:1:      scummos_arrival_hexagon, hex_tiny
D:2:      minivault_26, uniq_jessica, uniq_sigmund, uniq_natasha

Skill      XL: |  1  2  3  4 |
---------------+-------------+-----
Transmutations | 2 3 |  3.3
Poison Magic   | 1 3 |  3.1
Unarmed Combat | 4 |  4.7
Fighting       | |  1.1
Dodging        | |  1.5
Spellcasting   | |  2.0

Action                   |  1- 3 |  4- 6 || total
-------------------------+-------+-------++-------
Melee: Unarmed           |    90 |    51 ||   141
       Punch             |     1 |       ||     1
       Kick              |     2 |       ||     2
 Cast: Spider Form       |     1 |     3 ||     4
       Beastly Appendage |     1 |       ||     1
  Use: Potion            |       |     3 ||     3
  Eat: Chunk             |     1 |     2 ||     3
       Ration            |       |     1 ||     1
Armor: Robe              |    15 |    10 ||    25
       Skin              |       |     2 ||     2
Dodge: Dodged            |    54 |    54 ||   108

Table legend:
 A = Non-vault XP
 B = Vault XP
 C = Vault XP percentage of total XP
 D = Non-vault monster count
 E = Vault monster count
 F = Vault count percentage of total count
                 A         B        C        D         E       F
            +---------+---------+-------+---------+---------+-------
      Total |     137 |     281 |  67.2 |      32 |       3 |   8.6
            +---------+---------+-------+---------+---------+-------
        D:1 |      43 |       0 |   0.0 |      19 |       0 |   0.0
        D:2 |      94 |     281 |  74.9 |      13 |       3 |  18.8
            +---------+---------+-------+---------+---------+-------
